 Dungeon Crawl Stone Soup version 0.31-a0-1074-g0b22e4e0f1 (webtiles) character file.

Game seed: 14453586917390439419

4 drugrobin the Sneak (level 1, -1/18 HPs)
             Began as a Demigod Delver on Dec 7, 2023.
             Slain by Ijyb
             ... wielding a +0 club
              (5 damage)
             ... on level 3 of the Dungeon.
             The game lasted 00:01:27 (139 turns).

drugrobin the Sneak (Demigod Delver)                 Turns: 139, Time: 00:01:28

Health: -1/18      AC:  3    Str: 13    XL:     1   Next: 46%
Magic:  3/3        EV:  8    Int: 12    God:
Gold:   0          SH:  0    Dex: 15    Spells: 0/0 levels left

rFire   . .          .
                       - Unarmed
rCold   . . .        (no shield)
rNeg    . . .        a - +0 leather armour
rPois   .            (no helmet)
rElec   .            (no cloak)
rCorr   .            (no gloves)
SInv    .            (no boots)
Will    .....        (no amulet)
Stlth   +++          (no ring)
HPRegen 0.23/turn    (no ring)
MPRegen 0.08/turn

%: no passive effects
@: constricted
A: high MP 1, forlorn, divine attributes
a: no special abilities


You were on level 3 of the Dungeon.
You visited 1 branch of the dungeon, and saw 3 of its levels.

Inventory:

Armour
 a - a +0 leather armour (worn)
Wands
 c - a wand of light (3)
 f - a wand of digging (3)
Scrolls
 b - a scroll of fog


   Skills:
 - Level 2.6 Fighting
 - Level 1.7 Dodging
 - Level 4.5 Stealth
 + Level 2.2 Unarmed Combat


You couldn't memorise any spells.
You didn't know any spells.
Your spell library was empty.

Dungeon Overview and Level Annotations

Branches:
Dungeon (5/15)
 Temple: D:4-7

Annotations:
D:3 Ijyb
D:4 Pikel, Sigmund


Innate Abilities, Weirdness & Mutations

You have an increased reservoir of magic. (+10% MP)
You shall have no god before yourself.
Your divine heritage dramatically boosts your attributes as you level up.


Message History

Found a scroll labelled PANUNUEDGHY.
Found an escape hatch in the floor.
There is a stone staircase leading down here.
Unknown command.
Unknown command.
Unknown command.
Press: ? - help, v - describe, . - travel
Here: Ijyb, wielding a +0 club, wearing a +0 leather armour and carrying a wand of light (asleep)
The floor.
Unknown command.
Unknown command.
Ijyb shouts!
The frilled lizard hisses angrily.
The ball python attacks as it pursues you!
The ball python bites you. The ball python completely misses you.
Ijyb screams, "I dance on your bones!"
Unknown command.
Unknown command.
Aiming: Bolt of Light
Press: ? - help, Shift-Dir - straight line, f - orc
Aim: an orc, wielding a +0 flail and wearing a +0 ring mail (wandering, hasn't noticed you, 75% to hit)
The bolt of light hits Ijyb!
Ijyb is heavily wounded.
Ijyb is blinded.
The bolt of light hits the orc!
You kill the orc!
The ball python bites you.
* * * LOW HITPOINT WARNING * * *
The ball python barely misses you.
Ijyb zaps a wand.
The bolt of light misses you.
Unknown command.
Unknown command.
Unknown command.
Aiming: Bolt of Light
Press: ? - help, Shift-Dir - straight line, f - Ijyb
Aim: Ijyb, wielding a +0 club, wearing a +0 leather armour and carrying a wand of light (heavily wounded, blind, 64% to hit)
The bolt of light hits Ijyb.
Ijyb is severely wounded.
The ball python barely misses you. The ball python grabs you.
The ball python constricts you.
* * * LOW HITPOINT WARNING * * *
Ijyb hits you with a +0 club.
You die...

###########
.......>.#
.?.......#
........#
#+####......#
#...........#
#.....@g)...###
.......Sl.......
................
####+##.........
#.........
#.........
..........
..........
#.....#####


You could see Ijyb (blind), a ball python and a frilled lizard.

Vanquished Creatures
  An orc (D:3)
  A kobold (D:4)
  A quokka (D:4)
3 creatures vanquished.

Notes
Turn   | Place    | Note
-------+----------+-------------------------------------------
     0 | D:5      | drugrobin the Demigod Delver began the quest for the Orb.
     0 | D:5      | Reached XP level 1. HP: 18/18 MP: 3/3
    13 | D:5      | Noticed a jelly
    19 | D:4      | Noticed Sigmund
    96 | D:4      | Noticed a lemure
    98 | D:4      | Noticed Pikel
    99 | D:4      | Noticed a lemure
   100 | D:4      | Noticed a lemure
   100 | D:4      | Noticed a lemure
   132 | D:4      | Noticed a black bear
   136 | D:3      | Noticed Ijyb
   139 | D:3      | Slain by Ijyb

Illustrated notes

Levels and vault maps discovered:
D:3:      wad_river_or_something, layout_basic, lightli_temple_of_fire,
          uniq_grinder, uniq_ijyb, uniq_natasha
D:4:      layout_cave_pools, mainiacjoe_overflow_divided_tiny,
          mainiacjoe_overflow_alcove_1, minmay_misc_feat_square,
          minmay_quadrilaterals, uniq_sigmund, uniq_pikel
D:5:      layout_cave_pools, corner_web_ring, uniq_prince_ribbit1

Skill      XL: |  1 |
---------------+----+-----
Unarmed Combat | 2 |  2.2
Fighting       | |  2.6
Dodging        | |  1.7
Stealth        | |  4.5

Action                     || total
---------------------------++-------
  Melee: Unarmed           ||    11
         Punch             ||     1
  Evoke: Wand              ||     2
    Use: Scroll            ||     2
         Potion            ||     1
   Stab: Sleeping          ||     1
 Armour: Leather armour    ||    18
  Dodge: Dodged            ||    19

Table legend: (Time is in decaauts)
 A = Elapsed time spent in this place.
 B = Non-inter-level travel time spent in this place.
 C = Inter-level travel time spent in this place.
 D = Time resting spent in this place.
 E = Time spent auto-exploring this place.
 F = Levels seen in this place.
 G = Mean time per level.
                   A        B        C        D        E       F      G
               +--------+--------+--------+--------+--------+-----+--------+
         Total |    119 |    119 |      0 |      0 |      9 |   3 |   39.7 |
       Dungeon |    119 |    119 |      0 |      0 |      9 |   3 |   39.7 |
               +--------+--------+--------+--------+--------+-----+--------+

Top non-repeatable levels by time:
     D:4: 98 daAuts
     D:5: 18 daAuts
     D:3: 2 daAuts
